 Dungeon Crawl Stone Soup version 0.29.0 (webtiles) character file.

Game seed: 7105214161391517513

46 catcat the Trooper (level 3, -1/33 HPs)
             Began as a Minotaur Fighter on Aug 31, 2022.
             Was a High Priest of Ignis.
             Slain by a gnoll
             ... wielding a +0 spear
              (8 damage)
             ... on level 2 of the Dungeon.
             The game lasted 00:02:20 (1143 turns).

catcat the Trooper (Minotaur Fighter)               Turns: 1143, Time: 00:02:20

Health: -1/33      AC:  6    Str: 22    XL:     3   Next: 44%
Magic:  2/2        EV:  9    Int:  5    God:    Ignis [*****.]
Gold:   51         SH:  4    Dex:  9    Spells: 2/2 levels left

rFire   + . .      SeeInvis .   a - +0 war axe
rCold   . . .      Faith    .   c - +0 buckler
rNeg    . . .      Spirit   .   b - +0 scale mail
rPois   .          Reflect  .   (helmet restricted)
rElec   .          Harm     .   (no cloak)
rCorr   .          Rampage  .   (no gloves)
Will    .....                   (no boots)
Stlth   ..........              (no amulet)
HPRegen 0.11/turn               (no ring)
MPRegen 0.08/turn               (no ring)

@: rising, flying
A: horns 2, retaliatory headbutt
a: Renounce Religion, Fiery Armour, Foxfire Swarm


You were on level 2 of the Dungeon.
You worshipped Ignis.
Ignis was extremely pleased with you.
You visited 1 branch of the dungeon, and saw 2 of its levels.

You collected 51 gold pieces.

Inventory:

Hand Weapons
 a - a +0 war axe (weapon)
Armour
 b - a +0 scale mail (worn)
 c - a +0 buckler (worn)
Scrolls
 e - a scroll of identify
 f - 2 scrolls of poison {unknown}
 h - a scroll of torment {unknown}
 i - a scroll of blinking {unknown}
Potions
 d - a potion of might
 g - 2 potions of curing


   Skills:
 + Level 4.3 Fighting
 * Level 4.1 Axes
 - Level 3.6 Armour
 - Level 3.6 Shields


You had 2 spell levels left.
You didn't know any spells.
Your spell library was empty.

Dungeon Overview and Level Annotations

Branches:
Dungeon (2/15)

Altars:
Ignis


Innate Abilities, Weirdness & Mutations

You have a pair of horns on your head.
You reflexively headbutt those who attack you in melee.


Message History

You closely miss the ball python. You headbutt the ball python.
You kill the ball python!
No target in view!
No target in view!
A hobgoblin comes into view.
The hobgoblin shouts!
You hear a shout!
A hobgoblin is nearby!
A gnoll comes into view. It is wielding a +0 whip.
A gnoll comes into view. It is wielding a +0 whip.
The gnoll shouts!
You hear a shout!
A gnoll comes into view. It is wielding a +0 spear. x2
The hobgoblin barely misses you. You furiously retaliate!
You headbutt the hobgoblin. You hit the hobgoblin.
You kill the hobgoblin!
You slash the gnoll!
You kill the gnoll!
A bat comes into view.
A worm comes into view.
Your Axes skill increases to level 4!
You block the gnoll's attack.
The gnoll hits you from afar with a +0 spear.
The gnoll barely misses you.
Things that are here:
a +0 whip; a hobgoblin corpse You completely miss the gnoll.
You headbutt the gnoll, but do no damage.
The bat barely misses you. You furiously retaliate!
You headbutt the bat!
You kill the bat!
The gnoll barely misses you.
The gnoll hits you from afar with a +0 spear.
The gnoll hits you with a +0 whip.
The gnoll hits you from afar with a +0 spear. x2
Activating: Foxfire Swarm
Press: ? - help, Dir - look around, f - activate
Okay, then.
Unknown command.
You begin to rise into the air.
The gnoll hits you with a +0 whip.
* * * LOW HITPOINT WARNING * * *
The gnoll hits you from afar with a +0 spear!
You die...

#......... ###........#
..........#
###........#
....w......# #....gg..#
#........# #..g@#
#^#..# #.#..#
#############.#..#
#..........##.#..######
#..........##..........
#..........##..........
#..........##..........
#.......<..+...........


You could see a worm and 3 gnolls.

Vanquished Creatures
  A gnoll (D:2)
  7 ball pythons
  2 bats
  5 endoplasms (D:1)
  A giant cockroach (D:2)
  3 goblins (D:1)
  4 hobgoblins
  3 kobolds (D:1)
  A quokka (D:1)
  A frilled lizard (D:1)
  6 rats
34 creatures vanquished.

Notes
Turn   | Place    | Note
-------+----------+-------------------------------------------
     0 | D:1      | catcat the Minotaur Fighter began the quest for the Orb.
     0 | D:1      | Reached XP level 1. HP: 19/19 MP: 0/0
   270 | D:1      | Reached XP level 2. HP: 27/27 MP: 1/1
   517 | D:1      | Found a faded altar of an unknown god.
   537 | D:1      | Prayed at the altar of an unknown god.
   537 | D:1      | Became a worshipper of Ignis, the Dying Flame
   951 | D:1      | Reached XP level 3. HP: 33/33 MP: 2/2
  1143 | D:2      | Slain by a gnoll

Illustrated notes

Levels and vault maps discovered:
D:1:      mushboom_english_gardens, layout_basic,
          dreamdust_ecumenical_altar_statues, hex_tiny, minmay_unequal
D:2:      layout_basic, uniq_terence

Skill      XL: |  1  2  3 |
---------------+----------+-----
Axes           | 3 4 |  4.1
Fighting       | 4 |  4.3
Armour         | |  3.6
Shields        | |  3.6

Action                   || total
-------------------------++-------
Melee: War axe           ||    61
       Headbutt          ||     9
Invok: Rising Flame      ||     1
  Use: Scroll            ||     1
Armor: Scale mail        ||    26
Dodge: Dodged            ||    30
Block: Buckler           ||    19
